 Dungeon Crawl Stone Soup version 0.27-a0-1202-ge72e49191c (webtiles) character file.

Game seed: 7239565763138143466

310 27snakeeyes612 the Chopper (level 6, -3/52 (56) HPs)
             Began as a Naga Fighter on June 3, 2021.
             Was a Follower of Cheibriados.
             Slain by a wight
             ... wielding a +0 scimitar
              (10 damage)
             ... on level 5 of the Dungeon.
             The game lasted 00:02:33 (4435 turns).

27snakeeyes612 the Chopper (Naga Fighter)           Turns: 4435, Time: 00:02:33

HP:   -3/52 (56)    AC:  8    Str: 22    XL:     6   Next: 41%
MP:   6/6           EV:  6    Int: 11    God:    Cheibriados [*.....]
Gold: 288           SH:  9    Dex: 12    Spells: 5/5 levels left

rFire    . . .     SeeInvis +   a - +0 war axe
rCold    . . .     Faith    .   c - +0 kite shield
rNeg     . . .     Spirit   .   b - +1 scale mail
rPois    +         Reflect  .   D - +0 helmet of Uttyamn {Fly}
rElec    .         Harm     .   (no cloak)
rCorr    .         Rampage  .   (no gloves)
Will     .....                  (no barding)
Stlth    ..........             (no amulet)
HPRegen  0.17/turn              (no ring)
MPRegen  0.10/turn              (no ring)

@: flying, drained, very slow
A: AC +2, large, see invisible, deformed body, poison resistance, slowness 2,
spit poison 1, naga tail 1
a: Spit Poison, Renounce Religion, Bend Time


You were on level 5 of the Dungeon.
You worshipped Cheibriados.
Cheibriados was aware of your devotion.
You visited 1 branch of the dungeon, and saw 5 of its levels.

You collected 288 gold pieces.

Inventory:

Hand Weapons
 a - a +0 war axe (weapon)
Missiles
 e - a throwing net
Armour
 b - a +1 scale mail (worn)
 c - a +0 kite shield (worn)
 g - a +0 helmet
 D - the +0 helmet of Uttyamn (worn) {Fly}
   (You found it on level 5 of the Dungeon)

   It grants you flight.
Jewellery
 v - a ring of poison resistance
 w - a +6 ring of strength
Wands
 C - a wand of iceblast (3)
Scrolls
 f - a scroll of enchant armour
 j - a scroll of holy word {unknown}
 l - 2 scrolls of enchant weapon {unknown}
 m - 6 scrolls of identify {unknown}
 o - 2 scrolls of amnesia
 p - 2 scrolls of vulnerability {unknown}
 q - 3 scrolls of fear {unknown}
 r - 2 scrolls of teleportation {unknown}
 x - a scroll of torment {unknown}
 y - 2 scrolls of noise {unknown}
 z - a scroll of immolation {unknown}
 B - a scroll of silence {unknown}
Potions
 d - 2 potions of might
 h - 2 potions of heal wounds {unknown}
 k - a potion of flight {unknown}
 n - 2 potions of degeneration {unknown}
 s - a potion of haste {unknown}
 t - a potion of attraction {unknown}
 u - 3 potions of curing {unknown}
 A - a potion of invisibility {unknown}


   Skills:
 + Level 3.6 Fighting
 + Level 4.3 Axes
 + Level 3.7 Armour
 + Level 0.8 Dodging
 + Level 0.9 Stealth
 + Level 3.0 Shields


You had 5 spell levels left.
You didn't know any spells.
Your spell library was empty.

Dungeon Overview and Level Annotations

Branches:
Dungeon (5/15)             Temple (0/1) D:4

Altars:
Cheibriados
Ru
Trog
Yredelemnul


Innate Abilities, Weirdness & Mutations

Your serpentine skin is tough. (AC +2)
You have supernaturally acute eyesight. (SInv)
Armour fits poorly on your strangely shaped body.
Your system is resistant to poisons. (rPois)
You cover ground very slowly.
You can spit poison.
You have a snake-like lower body.


Message History

You start removing your armour.
You continue taking off your +0 helmet. x4
You finish taking off your +0 helmet.
You start putting on your armour.
You continue putting on the +0 helmet of Uttyamn {Fly}. x5
You finish putting on the +0 helmet of Uttyamn {Fly}.
You fly up into the air.
Unknown command.
You reach down and open the door.
There is an open door here.
You reach down and open the door. 2 wights come into view.
Found a stone staircase leading down.
There are monsters nearby!
There are monsters nearby! 3 wights come into view.
You block the wight's attack. x2; The wight barely misses you.
There is an open door here.
As you read the scroll labelled DIQUDE CEGYUM, it crumbles to dust.
It is a scroll of enchant armour.
Your +0 scale mail glows green for a moment.
You block the wight's attack.
The wight hits you from afar with a +4 spear!
As you read the scroll labelled ODYMOK MECIXOT, it crumbles to dust.
You feel aware of your surroundings.
It was a scroll of magic mapping.
The wight hits you with a +0 great sword.
The wight hits you from afar with a +0 spear.
The wight barely misses you. The wight hits you with a +0 scimitar!
You feel drained. You block the wight's attack.
As you read the scroll labelled FUCYAS NAMMYZONU, it crumbles to dust.
It is a scroll of amnesia.
You feel forgetful for a moment.
The wight hits you with a +0 great sword!
The wight hits you from afar with a +0 spear.
You feel drained.
The wight hits you from afar with a +4 spear.
* * * LOW HITPOINT WARNING * * *
The wight hits you from afar with a +0 halberd.
* * * LOW HITPOINT WARNING * * *
The wight hits you with a +0 scimitar!
You die...

***#####+#.###.#.#....#####
*,,.......................<
*,,........###.#.#.##.#....
*,,........#...#.#.#.......
***,..........###.#.#.......
*,,,..^.......###.#,#<......
*,,,..............#,##......
*,,,.........######,#.......
****#######@##*** #.####....
*,,.....zzz....#*#.........
*,,.....z.z....+...........
*,,............#########...
***###...........,,,#......
#............,,#......
******#............,,#.....#
*,,,,,......#######**####..#
*,,,,,,,,,,,***,,,,,,,,,#..#


You could see 5 wights.

Vanquished Creatures
  A scorpion (D:4)
  A water moccasin skeleton (D:5)
  A hound (D:5)
  Natasha (twice) (D:2)
  4 adders
  A gnoll (D:1)
  A howler monkey skeleton (D:4)
  2 dart slugs
  2 orcs
  9 ball pythons
  2 bats
  10 endoplasms
  3 giant cockroaches
  2 goblins
  4 hobgoblins
  4 quokkas
  2 frilled lizards (D:2)
  5 kobolds
  A quokka skeleton (D:4)
  6 rats
63 creatures vanquished.

Vanquished Creatures (others)
  A fungus (D:2)
  A plant (D:3)
  5 toadstools (D:2)
7 creatures vanquished.

Grand Total: 70 creatures vanquished

Notes
Turn   | Place    | Note
-------+----------+-------------------------------------------
     0 | D:1      | 27snakeeyes612 the Naga Fighter began the quest for the
                  | Orb.
     0 | D:1      | Reached XP level 1. HP: 21/21 MP: 1/1
   141 | D:1      | Found a faded altar of an unknown god.
   459 | D:1      | Reached XP level 2. HP: 13/28 MP: 2/2
  1056 | D:1      | Reached XP level 3. HP: 16/34 MP: 3/3
  2090 | D:2      | Noticed Natasha
  2099 | D:2      | Killed Natasha
  2100 | D:2      | Reached skill level 3 in Axes
  2100 | D:2      | Reached XP level 4. HP: 33/42 MP: 4/4
  2121 | D:2      | Noticed Natasha
  2128 | D:2      | Killed Natasha
  2602 | D:3      | Found a sacrificial altar of Ru.
  2719 | D:3      | Found a snail-covered altar of Cheibriados.
  2754 | D:3      | Found a basalt altar of Yredelemnul.
  2755 | D:3      | Found a bloodstained altar of Trog.
  2764 | D:3      | Became a worshipper of Cheibriados the Contemplative
  2896 | D:3      | Reached XP level 5. HP: 37/49 MP: 5/5
  3456 | D:4      | Found a staircase to the Ecumenical Temple.
  3778 | D:4      | Reached skill level 4 in Axes
  4289 | D:5      | Entered Level 5 of the Dungeon
  4316 | D:5      | Reached * piety under Cheibriados
  4317 | D:5      | Reached XP level 6. HP: 54/56 MP: 6/6
  4382 | D:5      | Identified the +0 helmet of Uttyamn {Fly}
  4435 | D:5      | Slain by a wight

Illustrated notes

Levels and vault maps discovered:
D:1:      dpeg_arrival_round_a, layout_loops_ring,
          ebering_ecumenical_altar_ruins
D:2:      layout_loops_cross, minmay_gold_behind_fungi, grunt_ministairs_7,
          minmay_pentomino_z4, uniq_natasha
D:3:      layout_basic, gammafunk_temple_overflow_forgotten,
          nicolae_ru_the_path_less_chosen
D:4:      layout_loops_ring, minmay_temple_entry_trees
D:5:      layout_basic, uniq_crazy_yiuf_cottage, uniq_ijyb, uniq_menkaure,
          uniq_blork_the_orc, uniq_edmund

Skill      XL: |  1  2  3  4  5 |
---------------+----------------+-----
Axes           | 3 4 |  4.3
Armour         | 3 |  3.7
Shields        | 3 |  3.0
Fighting       | |  3.6
Dodging        | |  0.8
Stealth        | |  0.9

Action                   |  1- 3 |  4- 6 || total
-------------------------+-------+-------++-------
Melee: War axe           |   108 |   118 ||   226
  Use: Scroll            |       |     3 ||     3
Armor: Scale mail        |    53 |    60 ||   113
Dodge: Dodged            |    30 |    24 ||    54
Block: Kite shield       |    49 |    72 ||   121

Table legend: (Time is in decaauts)
 A = Elapsed time spent in this place.
 B = Non-inter-level travel time spent in this place.
 C = Inter-level travel time spent in this place.
 D = Time resting spent in this place.
 E = Time spent auto-exploring this place.
 F = Levels seen in this place.
 G = Mean time per level.
                   A        B        C        D        E       F      G
               +--------+--------+--------+--------+--------+-----+--------+
         Total |   6179 |   5984 |    195 |      0 |   5293 |   5 | 1235.8 |
       Dungeon |   6179 |   5984 |    195 |      0 |   5293 |   5 | 1235.8 |
               +--------+--------+--------+--------+--------+-----+--------+

Top non-repeatable levels by time:
     D:1: 1878 daAuts
     D:3: 1491 daAuts
     D:4: 1432 daAuts
     D:2: 1150 daAuts
     D:5: 226 daAuts
